Map: Triton LE

Players

Toh

  • Race: Protoss Protoss
  • Spawn Location: 5:00

Khun (Ranger) - Winner!

  • Race: Protoss Protoss
  • Spawn Location: 11:00

Event: SEA Games 2019

VOD

https://www.youtube.com/watch?v=Kjecj81Kn8M

Description

Time

  • Played on: Dec. 5, 2019, 3:17 a.m.
  • Length: 8:54

All games in this series

Show
View Real Time Build Order
Export as new Build Order

Toh Protoss 

Build Orders:  

Get SALT Encoding   

  12  0:00  Probe  
  13  0:12  Probe  
  14  0:18  Pylon  
  14  0:25  Probe  
  15  0:37  Probe (Chrono Boost)  
  15  0:38  Gateway  
  16  0:49  Probe (Chrono Boost)  
  17  0:50  Assimilator  
  17  0:57  Probe (Chrono Boost)  
  18  0:58  Assimilator  
  18  1:03  Probe  
  19  1:11  Gateway  
  19  1:15  Probe (Chrono Boost)  
  20  1:25  Cybernetics Core  
  20  1:27  Probe (Chrono Boost)  
  21  1:33  Probe (Chrono Boost)  
  21  1:35  Pylon  
  22  1:41  Probe  
  23  1:54  Probe  
  24  1:58  Warp Gate (Chrono Boost)  
  24  2:01  Stalker x2  
  28  2:14  Pylon  
  28  2:24  Pylon  
  28  2:31  Stalker  
  28  2:32  Stalker  
  32  2:38  Shield Battery  
  32  2:54  Robotics Facility  
  32  2:56  Gateway  
  34  3:05  Stalker  
  34  3:09  Pylon  
  34  3:12  Stalker  
  36  3:23  Pylon  
  36  3:40  Pylon  
  36  3:42  Warp Prism (Chrono Boost)  
  36  3:47  Pylon  
  38  3:53  Pylon  
  38  4:09  Stalker x3  
  44  4:12  Observer  
  45  4:25  Probe  
  46  4:32  Stalker x2  
  49  4:47  Sentry  
  49  4:54  Immortal (Chrono Boost)  
  51  5:10  Sentry x2  
  55  5:14  Pylon  
  55  5:30  Robotics Bay  
  55  5:32  Probe  
  48  5:51  Immortal (Chrono Boost)  
  48  5:52  Adept x2  
  54  6:07  Pylon  
  54  6:09  Pylon  
  54  6:10  Shield Battery  
  54  6:34  Probe  
  58  6:41  Colossus (Chrono Boost)  
  61  6:54  Probe  
  61  6:55  Pylon  
  61  6:56  Adept x3  
  67  7:16  Adept x3  
  71  7:45  Adept x3  
  77  7:58  Pylon  
  77  7:59  Pylon  
  77  8:19  Adept  
  77  8:20  Adept x2  
  61  8:40  Adept x3  
Show
View Real Time Build Order
Export as new Build Order

Khun Protoss - Winner!

Build Orders: Oracle Opening 

Get SALT Encoding   

  12  0:00  Probe  
  13  0:12  Probe  
  14  0:17  Pylon  
  14  0:24  Probe (Chrono Boost)  
  15  0:36  Probe (Chrono Boost)  
  15  0:37  Gateway  
  16  0:44  Probe (Chrono Boost)  
  16  0:47  Assimilator  
  17  0:51  Probe  
  17  0:56  Assimilator  
  18  1:03  Probe  
  19  1:15  Probe  
  19  1:17  Gateway  
  20  1:25  Cybernetics Core  
  20  1:27  Probe  
  20  1:31  Pylon  
  21  1:39  Probe  
  22  1:51  Probe  
  23  1:59  Warp Gate (Chrono Boost)  
  23  2:06  Adept x2  
  27  2:09  Pylon  
  27  2:11  Pylon  
  27  2:20  Stargate  
  27  2:24  Probe  
  30  2:38  Shield Battery  
  30  2:41  Stalker (Chrono Boost)  
  30  2:46  Shield Battery  
  30  2:50  Stalker (Chrono Boost)  
  32  3:07  Oracle  
  35  3:20  Stalker  
  35  3:23  Pylon  
  35  3:24  Probe  
  38  3:45  Robotics Facility  
  38  3:54  Pylon  
  38  3:59  Stalker x2  
  41  4:10  Pylon  
  42  4:23  Adept x2  
  46  4:30  Immortal (Chrono Boost)  
  48  4:44  Stalker  
  46  5:00  Gateway  
  46  5:03  Sentry  
  48  5:09  Warp Prism (Chrono Boost)  
  48  5:12  Sentry  
  49  5:27  Adept  
  51  5:37  Observer (Chrono Boost)  
  52  5:44  Probe  
  53  6:03  Nexus  
  53  6:13  Adept  
  53  6:18  Pylon  
  55  6:22  Robotics Bay  
  55  6:35  Phoenix, Pylon  
  55  6:36  Probe  
  58  6:48  Probe  
  59  7:02  Immortal  
  59  7:03  Phoenix  
  59  7:04  Probe  
  66  7:13  Pylon  
  66  7:15  Probe  
  67  7:19  Sentry  
  67  7:20  Adept  
  71  7:24  Probe  
  72  7:41  Immortal  
  76  7:44  Phoenix  
  78  7:56  Adept x2  
  82  8:02  Gateway  
  82  8:18  Adept  
  82  8:19  Adept  
  62  8:44  Adept x2  
Tags
 
Add a new tag
Caveats
  • Supply blocks, unpowered buildings, or Contaminate may cause inaccurate times.
  • Supply counts are checked every 10 seconds.